Unix NetHack Version 3.7.0-62 Work-in-progress - last build Aug 24 2022 02:59:55 (1754fd7919031489bd266d173cb7fe17fa02ec73,branch:master).

Game began 2022-08-25 15:36:48, ended 2022-08-26 14:44:47.

rustyspoon, chaotic female human Valkyrie

  
unexplored area
unexplored area
unexplored area
unexplored area
unexplored area
unexplored area
unexplored area
unexplored area
unexplored area
unexplored area
unexplored area
unexplored area
unexplored area
unexplored area
unexplored area
unexplored area
unexplored area
unexplored area
unexplored area
unexplored area
unexplored area
unexplored area
unexplored area
unexplored area
unexplored area
unexplored area
unexplored area
unexplored area
unexplored area
unexplored area
unexplored area
unexplored area
unexplored area
unexplored area
unexplored area
unexplored area
unexplored area
unexplored area
unexplored area
unexplored area
unexplored area
unexplored area
unexplored area
unexplored area
unexplored area
unexplored area
unexplored area
unexplored area
unexplored area
unexplored area
unexplored area
unexplored area
unexplored area
unexplored area
unexplored area
unexplored area
unexplored area
unexplored area
unexplored area
unexplored area
unexplored area
unexplored area
unexplored area
unexplored area
unexplored area
unexplored area
unexplored area
unexplored area
unexplored area
unexplored area
unexplored area
unexplored area
unexplored area
unexplored area
unexplored area
unexplored area
unexplored area
unexplored area
unexplored area
unexplored area
unexplored area
unexplored area
unexplored area
unexplored area
unexplored area
unexplored area
unexplored area
unexplored area
unexplored area
unexplored area
unexplored area
unexplored area
unexplored area
unexplored area
unexplored area
unexplored area
unexplored area
unexplored area
unexplored area
unexplored area
unexplored area
unexplored area
unexplored area
unexplored area
unexplored area
wall
wall
wall
wall
wall
wall
wall
wall
wall
wall
wall
wall
wall
wall
wall
wall
wall
wall
wall
unexplored area
unexplored area
unexplored area
unexplored area
unexplored area
unexplored area
unexplored area
unexplored area
unexplored area
unexplored area
unexplored area
unexplored area
unexplored area
unexplored area
unexplored area
unexplored area
unexplored area
unexplored area
unexplored area
unexplored area
unexplored area
unexplored area
unexplored area
unexplored area
unexplored area
unexplored area
unexplored area
unexplored area
unexplored area
unexplored area
unexplored area
unexplored area
unexplored area
unexplored area
unexplored area
unexplored area
unexplored area
unexplored area
unexplored area
unexplored area
unexplored area
unexplored area
unexplored area
unexplored area
unexplored area
unexplored area
unexplored area
unexplored area
unexplored area
unexplored area
unexplored area
unexplored area
unexplored area
unexplored area
unexplored area
unexplored area
unexplored area
unexplored area
unexplored area
.dark part of a room
.dark part of a room
.dark part of a room
.dark part of a room
.dark part of a room
.dark part of a room
.dark part of a room
.dark part of a room
.dark part of a room
.dark part of a room
.dark part of a room
.dark part of a room
.dark part of a room
.dark part of a room
.dark part of a room
.dark part of a room
.dark part of a room
.dark part of a room
.dark part of a room
.dark part of a room
unexplored area
unexplored area
unexplored area
unexplored area
unexplored area
unexplored area
unexplored area
unexplored area
unexplored area
unexplored area
unexplored area
unexplored area
unexplored area
unexplored area
unexplored area
unexplored area
unexplored area
unexplored area
unexplored area
unexplored area
unexplored area
unexplored area
unexplored area
unexplored area
unexplored area
unexplored area
unexplored area
unexplored area
unexplored area
unexplored area
unexplored area
unexplored area
unexplored area
unexplored area
unexplored area
unexplored area
unexplored area
unexplored area
unexplored area
unexplored area
unexplored area
unexplored area
unexplored area
unexplored area
unexplored area
unexplored area
unexplored area
unexplored area
unexplored area
unexplored area
unexplored area
unexplored area
unexplored area
unexplored area
unexplored area
unexplored area
unexplored area
unexplored area
.dark part of a room
.dark part of a room
.dark part of a room
.dark part of a room
.dark part of a room
.dark part of a room
.dark part of a room
.dark part of a room
.dark part of a room
.dark part of a room
.dark part of a room
wall
wall
wall
wall
.doorway
wall
wall
wall
wall
)a long sword
.dark part of a room
.dark part of a room
unexplored area
unexplored area
unexplored area
unexplored area
.dark part of a room
.dark part of a room
.dark part of a room
.dark part of a room
unexplored area
unexplored area
unexplored area
unexplored area
unexplored area
unexplored area
unexplored area
unexplored area
unexplored area
unexplored area
unexplored area
unexplored area
unexplored area
unexplored area
unexplored area
unexplored area
unexplored area
unexplored area
unexplored area
unexplored area
unexplored area
unexplored area
unexplored area
unexplored area
unexplored area
unexplored area
unexplored area
unexplored area
unexplored area
unexplored area
unexplored area
unexplored area
unexplored area
unexplored area
unexplored area
unexplored area
unexplored area
unexplored area
unexplored area
unexplored area
unexplored area
unexplored area
unexplored area
unexplored area
unexplored area
unexplored area
unexplored area
.dark part of a room
.dark part of a room
.dark part of a room
.dark part of a room
.dark part of a room
.dark part of a room
.dark part of a room
.dark part of a room
.dark part of a room
.dark part of a room
.dark part of a room
wall
unexplored area
unexplored area
unexplored area
.dark part of a room
.dark part of a room
.dark part of a room
.dark part of a room
unexplored area
unexplored area
wall
%an ogre lord corpse
.dark part of a room
.dark part of a room
.dark part of a room
unexplored area
unexplored area
.dark part of a room
.dark part of a room
.dark part of a room
.dark part of a room
unexplored area
.dark part of a room
.dark part of a room
.dark part of a room
unexplored area
unexplored area
unexplored area
unexplored area
unexplored area
unexplored area
unexplored area
unexplored area
unexplored area
unexplored area
unexplored area
unexplored area
unexplored area
unexplored area
unexplored area
unexplored area
unexplored area
unexplored area
unexplored area
unexplored area
unexplored area
unexplored area
unexplored area
unexplored area
unexplored area
unexplored area
unexplored area
unexplored area
unexplored area
unexplored area
unexplored area
unexplored area
unexplored area
unexplored area
unexplored area
unexplored area
unexplored area
unexplored area
unexplored area
unexplored area
unexplored area
unexplored area
unexplored area
.dark part of a room
.dark part of a room
.dark part of a room
.dark part of a room
.dark part of a room
.dark part of a room
.dark part of a room
.dark part of a room
.dark part of a room
.dark part of a room
wall
unexplored area
unexplored area
unexplored area
unexplored area
.dark part of a room
%a priest corpse
.dark part of a room
.dark part of a room
unexplored area
unexplored area
wall
wall
.dark part of a room
.dark part of a room
.dark part of a room
unexplored area
unexplored area
.dark part of a room
.dark part of a room
.dark part of a room
.dark part of a room
.dark part of a room
.dark part of a room
.dark part of a room
.dark part of a room
.dark part of a room
unexplored area
unexplored area
unexplored area
unexplored area
unexplored area
unexplored area
unexplored area
unexplored area
unexplored area
unexplored area
unexplored area
unexplored area
unexplored area
unexplored area
unexplored area
unexplored area
unexplored area
unexplored area
unexplored area
unexplored area
unexplored area
unexplored area
unexplored area
unexplored area
unexplored area
unexplored area
unexplored area
unexplored area
unexplored area
unexplored area
unexplored area
wall
wall
wall
wall
wall
unexplored area
unexplored area
unexplored area
unexplored area
unexplored area
unexplored area
.dark part of a room
.dark part of a room
stone
.dark part of a room
.dark part of a room
.dark part of a room
.dark part of a room
.dark part of a room
.dark part of a room
.dark part of a room
wall
unexplored area
unexplored area
unexplored area
unexplored area
.dark part of a room
%a giant ant corpse
.dark part of a room
.dark part of a room
unexplored area
unexplored area
unexplored area
wall
.dark part of a room
.dark part of a room
.dark part of a room
unexplored area
unexplored area
.dark part of a room
.dark part of a room
.dark part of a room
.dark part of a room
.dark part of a room
.dark part of a room
.dark part of a room
.dark part of a room
.dark part of a room
unexplored area
unexplored area
unexplored area
unexplored area
unexplored area
unexplored area
unexplored area
unexplored area
unexplored area
unexplored area
unexplored area
unexplored area
unexplored area
unexplored area
unexplored area
unexplored area
unexplored area
unexplored area
unexplored area
unexplored area
unexplored area
unexplored area
unexplored area
unexplored area
unexplored area
unexplored area
unexplored area
unexplored area
5unknown creature causing you dread
unexplored area
unexplored area
unexplored area
.dark part of a room
.dark part of a room
.dark part of a room
wall
unexplored area
unexplored area
unexplored area
unexplored area
unexplored area
unexplored area
wall
.dark part of a room
.dark part of a room
.dark part of a room
wall
wall
wall
wall
wall
wall
wall
unexplored area
unexplored area
unexplored area
unexplored area
.dark part of a room
.dark part of a room
.dark part of a room
.dark part of a room
unexplored area
unexplored area
unexplored area
wall
wall
wall
unexplored area
unexplored area
unexplored area
unexplored area
unexplored area
.dark part of a room
.dark part of a room
wall
wall
wall
wall
wall
unexplored area
unexplored area
unexplored area
unexplored area
unexplored area
unexplored area
unexplored area
unexplored area
unexplored area
unexplored area
unexplored area
unexplored area
unexplored area
unexplored area
unexplored area
unexplored area
unexplored area
unexplored area
unexplored area
unexplored area
unexplored area
unexplored area
unexplored area
unexplored area
wall
wall
wall
wall
wall
wall
wall
wall
wall
.dark part of a room
.dark part of a room
wall
wall
unexplored area
unexplored area
unexplored area
wall
wall
wall
wall
.broken door
wall
wall
wall
unexplored area
unexplored area
unexplored area
unexplored area
unexplored area
unexplored area
unexplored area
unexplored area
unexplored area
.dark part of a room
.dark part of a room
.dark part of a room
unexplored area
unexplored area
unexplored area
unexplored area
unexplored area
unexplored area
unexplored area
unexplored area
unexplored area
unexplored area
unexplored area
unexplored area
unexplored area
unexplored area
unexplored area
unexplored area
unexplored area
unexplored area
unexplored area
unexplored area
unexplored area
unexplored area
unexplored area
unexplored area
unexplored area
unexplored area
unexplored area
unexplored area
unexplored area
unexplored area
unexplored area
unexplored area
unexplored area
unexplored area
unexplored area
unexplored area
unexplored area
unexplored area
unexplored area
unexplored area
unexplored area
unexplored area
unexplored area
wall
.dark part of a room
.dark part of a room
.dark part of a room
.dark part of a room
.dark part of a room
1unknown creature causing you concern
.dark part of a room
wall
5unknown creature causing you dread
%a giant beetle corpse
.dark part of a room
wall
wall
unexplored area
wall
wall
.dark part of a room
.dark part of a room
%Famine's corpse
.dark part of a room
.dark part of a room
.dark part of a room
.dark part of a room
wall
unexplored area
unexplored area
unexplored area
unexplored area
wall
wall
wall
wall
wall
|open door
wall
wall
wall
wall
wall
unexplored area
unexplored area
unexplored area
unexplored area
unexplored area
unexplored area
unexplored area
unexplored area
unexplored area
unexplored area
unexplored area
unexplored area
unexplored area
unexplored area
unexplored area
unexplored area
unexplored area
unexplored area
unexplored area
unexplored area
unexplored area
unexplored area
unexplored area
unexplored area
unexplored area
unexplored area
unexplored area
unexplored area
unexplored area
unexplored area
unexplored area
unexplored area
unexplored area
unexplored area
unexplored area
unexplored area
unexplored area
unexplored area
unexplored area
wall
1unknown creature causing you concern
.dark part of a room
1unknown creature causing you concern
.dark part of a room
1unknown creature causing you concern
.dark part of a room
1unknown creature causing you concern
wall
4unknown creature causing you alarm
.dark part of a room
1unknown creature causing you concern
4unknown creature causing you alarm
wall
wall
wall
.dark part of a room
stone
.dark part of a room
.dark part of a room
.dark part of a room
.dark part of a room
.dark part of a room
.dark part of a room
.dark part of a room
wall
unexplored area
wall
wall
wall
.dark part of a room
.dark part of a room
.dark part of a room
.dark part of a room
.dark part of a room
.dark part of a room
.dark part of a room
.dark part of a room
.dark part of a room
wall
wall
wall
unexplored area
unexplored area
unexplored area
unexplored area
unexplored area
unexplored area
unexplored area
unexplored area
unexplored area
unexplored area
unexplored area
unexplored area
unexplored area
unexplored area
unexplored area
unexplored area
unexplored area
unexplored area
unexplored area
unexplored area
unexplored area
unexplored area
unexplored area
unexplored area
unexplored area
unexplored area
unexplored area
unexplored area
unexplored area
unexplored area
unexplored area
unexplored area
unexplored area
unexplored area
unexplored area
unexplored area
unexplored area
wall
.dark part of a room
.dark part of a room
.dark part of a room
@human valkyrie called rustyspoon
.dark part of a room
.dark part of a room
.dark part of a room
-open door
1unknown creature causing you concern
.dark part of a room
%a soldier ant corpse
5unknown creature causing you dread
.dark part of a room
.broken door
.dark part of a room
.dark part of a room
.dark part of a room
.dark part of a room
.dark part of a room
.dark part of a room
.dark part of a room
.dark part of a room
.dark part of a room
.dark part of a room
.dark part of a room
unexplored area
wall
.dark part of a room
.dark part of a room
.dark part of a room
.dark part of a room
.dark part of a room
%a giant beetle corpse
%a giant beetle corpse
.dark part of a room
.dark part of a room
.dark part of a room
.dark part of a room
.dark part of a room
.dark part of a room
wall
unexplored area
unexplored area
unexplored area
unexplored area
unexplored area
unexplored area
unexplored area
unexplored area
unexplored area
unexplored area
unexplored area
unexplored area
unexplored area
unexplored area
unexplored area
unexplored area
unexplored area
unexplored area
unexplored area
unexplored area
unexplored area
unexplored area
unexplored area
unexplored area
unexplored area
unexplored area
unexplored area
unexplored area
unexplored area
unexplored area
unexplored area
unexplored area
unexplored area
unexplored area
unexplored area
unexplored area
unexplored area
wall
.dark part of a room
.dark part of a room
1unknown creature causing you concern
5unknown creature causing you dread
1unknown creature causing you concern
1unknown creature causing you concern
5unknown creature causing you dread
wall
.dark part of a room
1unknown creature causing you concern
4unknown creature causing you alarm
.dark part of a room
wall
wall
wall
.dark part of a room
.dark part of a room
.dark part of a room
.dark part of a room
.dark part of a room
.dark part of a room
.dark part of a room
.dark part of a room
.dark part of a room
wall
unexplored area
wall
.dark part of a room
unexplored area
wall
wall
wall
wall
[a helm of opposite alignment
wall
wall
wall
wall
unexplored area
.dark part of a room
wall
unexplored area
unexplored area
unexplored area
unexplored area
unexplored area
unexplored area
unexplored area
unexplored area
unexplored area
unexplored area
unexplored area
unexplored area
unexplored area
unexplored area
unexplored area
unexplored area
unexplored area
unexplored area
unexplored area
unexplored area
unexplored area
unexplored area
unexplored area
unexplored area
unexplored area
unexplored area
unexplored area
unexplored area
unexplored area
unexplored area
unexplored area
unexplored area
unexplored area
unexplored area
unexplored area
unexplored area
unexplored area
wall
.dark part of a room
.dark part of a room
.dark part of a room
.dark part of a room
.dark part of a room
.dark part of a room
5unknown creature causing you dread
wall
.dark part of a room
.dark part of a room
.dark part of a room
wall
wall
unexplored area
unexplored area
unexplored area
.dark part of a room
.dark part of a room
.dark part of a room
.dark part of a room
.dark part of a room
.dark part of a room
.dark part of a room
wall
unexplored area
unexplored area
wall
unexplored area
unexplored area
wall
.dark part of a room
.dark part of a room
.dark part of a room
)a dagger
.dark part of a room
.dark part of a room
.dark part of a room
wall
unexplored area
unexplored area
wall
unexplored area
unexplored area
unexplored area
unexplored area
unexplored area
unexplored area
unexplored area
unexplored area
unexplored area
unexplored area
unexplored area
unexplored area
unexplored area
unexplored area
unexplored area
unexplored area
unexplored area
unexplored area
unexplored area
unexplored area
unexplored area
unexplored area
unexplored area
unexplored area
unexplored area
unexplored area
unexplored area
unexplored area
unexplored area
unexplored area
unexplored area
unexplored area
unexplored area
unexplored area
unexplored area
unexplored area
unexplored area
wall
wall
wall
wall
wall
wall
wall
wall
wall
1unknown creature causing you concern
.dark part of a room
wall
wall
unexplored area
unexplored area
unexplored area
unexplored area
unexplored area
wall
wall
wall
wall
wall
unexplored area
unexplored area
unexplored area
unexplored area
unexplored area
unexplored area
unexplored area
wall
.dark part of a room
.dark part of a room
.dark part of a room
.dark part of a room
.dark part of a room
.dark part of a room
.dark part of a room
wall
unexplored area
unexplored area
unexplored area
unexplored area
unexplored area
unexplored area
unexplored area
unexplored area
unexplored area
unexplored area
unexplored area
unexplored area
unexplored area
unexplored area
unexplored area
unexplored area
unexplored area
unexplored area
unexplored area
unexplored area
unexplored area
unexplored area
unexplored area
unexplored area
unexplored area
unexplored area
unexplored area
unexplored area
unexplored area
unexplored area
unexplored area
unexplored area
unexplored area
unexplored area
unexplored area
unexplored area
unexplored area
unexplored area
unexplored area
unexplored area
5unknown creature causing you dread
unexplored area
unexplored area
unexplored area
unexplored area
4unknown creature causing you alarm
unexplored area
unexplored area
.dark part of a room
.dark part of a room
.dark part of a room
wall
unexplored area
unexplored area
unexplored area
unexplored area
unexplored area
unexplored area
unexplored area
unexplored area
unexplored area
unexplored area
unexplored area
unexplored area
unexplored area
unexplored area
unexplored area
unexplored area
unexplored area
unexplored area
wall
.dark part of a room
.dark part of a room
.dark part of a room
_aligned high altar
.dark part of a room
.dark part of a room
.dark part of a room
wall
unexplored area
unexplored area
unexplored area
unexplored area
unexplored area
unexplored area
unexplored area
unexplored area
unexplored area
unexplored area
unexplored area
unexplored area
unexplored area
unexplored area
unexplored area
unexplored area
unexplored area
unexplored area
unexplored area
unexplored area
unexplored area
unexplored area
unexplored area
unexplored area
unexplored area
unexplored area
unexplored area
unexplored area
unexplored area
unexplored area
unexplored area
unexplored area
unexplored area
unexplored area
unexplored area
unexplored area
unexplored area
unexplored area
unexplored area
unexplored area
unexplored area
unexplored area
unexplored area
unexplored area
unexplored area
unexplored area
unexplored area
wall
wall
wall
wall
wall
unexplored area
unexplored area
unexplored area
unexplored area
unexplored area
unexplored area
unexplored area
unexplored area
unexplored area
unexplored area
unexplored area
unexplored area
unexplored area
unexplored area
unexplored area
unexplored area
unexplored area
unexplored area
wall
!a potion
.dark part of a room
.dark part of a room
.dark part of a room
.dark part of a room
.dark part of a room
.dark part of a room
wall
unexplored area
unexplored area
unexplored area
unexplored area
unexplored area
unexplored area
unexplored area
unexplored area
unexplored area
unexplored area
unexplored area
unexplored area
unexplored area
unexplored area
unexplored area
unexplored area
unexplored area
unexplored area
unexplored area
unexplored area
unexplored area
unexplored area
unexplored area
unexplored area
unexplored area
unexplored area
unexplored area
unexplored area
unexplored area
unexplored area
unexplored area
unexplored area
unexplored area
unexplored area
unexplored area
unexplored area
unexplored area
unexplored area
unexplored area
unexplored area
unexplored area
unexplored area
unexplored area
unexplored area
unexplored area
unexplored area
unexplored area
unexplored area
unexplored area
unexplored area
unexplored area
unexplored area
unexplored area
unexplored area
unexplored area
unexplored area
unexplored area
unexplored area
unexplored area
unexplored area
unexplored area
unexplored area
unexplored area
unexplored area
unexplored area
unexplored area
unexplored area
unexplored area
unexplored area
unexplored area
wall
.dark part of a room
.dark part of a room
.dark part of a room
.dark part of a room
.dark part of a room
.dark part of a room
.dark part of a room
wall
unexplored area
unexplored area
unexplored area
unexplored area
unexplored area
unexplored area
unexplored area
unexplored area
unexplored area
unexplored area
unexplored area
unexplored area
unexplored area
unexplored area
unexplored area
unexplored area
unexplored area
unexplored area
unexplored area
unexplored area
unexplored area
unexplored area
unexplored area
unexplored area
unexplored area
unexplored area
unexplored area
unexplored area
unexplored area
unexplored area
unexplored area
unexplored area
unexplored area
unexplored area
unexplored area
unexplored area
unexplored area
unexplored area
unexplored area
unexplored area
unexplored area
unexplored area
unexplored area
unexplored area
unexplored area
unexplored area
unexplored area
unexplored area
unexplored area
unexplored area
unexplored area
unexplored area
unexplored area
unexplored area
unexplored area
unexplored area
unexplored area
unexplored area
unexplored area
unexplored area
unexplored area
unexplored area
unexplored area
unexplored area
unexplored area
unexplored area
unexplored area
unexplored area
unexplored area
unexplored area
wall
wall
wall
wall
wall
wall
wall
wall
wall
unexplored area
unexplored area
unexplored area
unexplored area
unexplored area
unexplored area
unexplored area
unexplored area
unexplored area
unexplored area
unexplored area
unexplored area
unexplored area
unexplored area
unexplored area
unexplored area
unexplored area
unexplored area
unexplored area
unexplored area
unexplored area
unexplored area
unexplored area
unexplored area
unexplored area
unexplored area
unexplored area
unexplored area
unexplored area
unexplored area
unexplored area
unexplored area
unexplored area
unexplored area
unexplored area
unexplored area
unexplored area
unexplored area
unexplored area
unexplored area
unexplored area
unexplored area
unexplored area
unexplored area
unexplored area
unexplored area
unexplored area
unexplored area
unexplored area
unexplored area
unexplored area
unexplored area
unexplored area
unexplored area
unexplored area
unexplored area
unexplored area
unexplored area
unexplored area
unexplored area
unexplored area
unexplored area
unexplored area
unexplored area
unexplored area
unexplored area
unexplored area
unexplored area
unexplored area
unexplored area
unexplored area
unexplored area
unexplored area
unexplored area
unexplored area
unexplored area
unexplored area
unexplored area
unexplored area
unexplored area
unexplored area
unexplored area
unexplored area
unexplored area
unexplored area
unexplored area
unexplored area
unexplored area
unexplored area
unexplored area
unexplored area
unexplored area
unexplored area
unexplored area
unexplored area
unexplored area
unexplored area
unexplored area
unexplored area
unexplored area
unexplored area
unexplored area
unexplored area
unexplored area
unexplored area
unexplored area
unexplored area
unexplored area
unexplored area
unexplored area
unexplored area
unexplored area
unexplored area
unexplored area
unexplored area
unexplored area
unexplored area
unexplored area
unexplored area
unexplored area
unexplored area
unexplored area
unexplored area
unexplored area
unexplored area
unexplored area
unexplored area
unexplored area
unexplored area
unexplored area
unexplored area
unexplored area
unexplored area
unexplored area
unexplored area
unexplored area
unexplored area
unexplored area
unexplored area
unexplored area
unexplored area
unexplored area
unexplored area
unexplored area
unexplored area
unexplored area
unexplored area
unexplored area
unexplored area
unexplored area
unexplored area
unexplored area
unexplored area
unexplored area
unexplored area
unexplored area
unexplored area
unexplored area
unexplored area
unexplored area
unexplored area
unexplored area
unexplored area
unexplored area
unexplored area
unexplored area
unexplored area
unexplored area
unexplored area
unexplored area
unexplored area
unexplored area
unexplored area
unexplored area
unexplored area
unexplored area
unexplored area
unexplored area
unexplored area
unexplored area
unexplored area
unexplored area
unexplored area
unexplored area
unexplored area
unexplored area
unexplored area
unexplored area
unexplored area
unexplored area
unexplored area
unexplored area
unexplored area
[Rustyspoon the Warrior ] St:25 Dx:17 Co:18 In:15 Wi:18 Ch:10 Chaotic Astral Plane $:0 HP:211(320) Pw:33(34) AC:-15 Xp:15 T:32412 Blind

Latest messages:

What do you want to use or apply? [befjks-uxzAI-KMS-V or ?*]
What do you want to remove? [gyG or ?*]
You were wearing a blessed ring of conflict (on left hand).
You feel vaguely nervous.
Pick an object.
What do you want to use or apply? [befjks-uxzAI-KMS-V or ?*]
You have a little trouble removing H - a greased visored helmet.
Your movements are slowed slightly because of your load.
The giant beetle misses!
The Angel of Odin zaps a wand of striking!
Boing!
Boing!
The Angel of Loki zaps you with a magic missile!
The magic missile whizzes by you!
The magic missile bounces!
"Why search for the Amulet? Thou wouldst but lose it, cretin."
The high priest of Loki swings his mace.
The high priest of Loki hits!
The high priest of Loki kicks!
The high priest of Loki casts a spell at you!
Scales cover your eyes!
What do you want to take off? [CDEF or ?*]
You finish taking off your helm.
What do you want to wear? [FH or ?*]
It hits!
It kicks!
You hear a mumbled curse.
It hits!
It kicks!
You hear a mumbled curse.
You finish your dressing maneuver.
Your mind oscillates briefly.
You are blasted by Excalibur's power!
You are blasted by the Orb of Fate's power!
The visored helmet vibrates for a moment.
You try to feel what is lying here on the altar.
There is a high altar to Loki (chaotic) here.
You feel no objects here.
It misses!
It hits!
It kicks!
You hear someone summoning insects.
You hear a mumbled curse.
What do you want to sacrifice? [Z or ?*]
You offer the Amulet of Yendor to Loki...
An invisible choir sings, and you are bathed in radiance...
The voice of Loki thunders: "Mortal, thou hast done well!"
"In return for thy service, I grant thee the gift of Immortality!"
You ascend to the status of Demigoddess...
Do you want your possessions identified? [ynq] (y)

Major events:

Turn

1: rustyspoon the lawful human Valkyrie entered the dungeon
1522: entered the Gnomish Mines
1548: attained the rank of Skirmisher (level 3)
2950: reached Mine Town
3027: attained the rank of Fighter (level 6)
4798: entered Sokoban
5134: completed sokoban 1
5538: completed sokoban 2
6146: completed sokoban 3
7204: completed sokoban 4
7265: acquired the Sokoban amulet of reflection
9727: acquired the Mines' End luckstone
10305: attained the rank of Woman-at-arms (level 10)
15462: was bestowed with Mjollnir by Tyr
15609: was bestowed with Ogresmasher by Tyr
22651: killed Medusa
23757: has been given Excalibur, and now enjoys supreme executive power
23838: made her first wish - "blessed greased +2 gray dragon scale mail", got "a greased gray dragon scale mail"
24262: entered Gehennom
24453: attained the rank of Warrior (level 14)
25788: found the Orb of Fate on the floor
25804: killed Lord Surtur
25812: acquired the Bell of Opening
26488: wished for "blessed magic marker", got "a magic marker"
26673: wished for "blessed fixed ring of free action", got "a ring of free action"
27223: killed the invisible Asmodeus
27381: killed Juiblex
27616: bribed Baalzebub with 30 zorkmids for safe passage
28097: wished for "blessed magic marker", got "a magic marker"
28427: destroyed Vlad the Impaler
28430: acquired the Candelabrum of Invocation
29079: killed Orcus
30689: killed the Wizard of Yendor
30696: acquired the Book of the Dead
30751: performed the invocation
30912: killed the high priest of Moloch
30919: acquired The Amulet of Yendor
31400: killed the Wizard of Yendor (2nd time)
31856: killed the Wizard of Yendor (3rd time)
32145: entered the Elemental Planes
32145: entered Plane of Earth
32146: killed the Wizard of Yendor (5th time)
32190: wished for "blessed greased helm of opposite alignment", got "a greased visored helmet"
32243: entered Plane of Air
32292: entered Plane of Fire
32301: entered Plane of Water
32331: entered the Astral Plane
32341: killed Pestilence
32364: killed Pestilence (2nd time)
32376: found Frost Brand carried by a monster
32377: found Magicbane carried by a monster
32384: killed Famine
32403: found Sting carried by a monster
32412: ascended

Inventory:

Amulets

g - a cursed amulet of reflection (being worn)

Weapons

a - the blessed rustproof +7 Excalibur (wielded in right hand)
w - a blessed rustproof +5 long sword (wielded in left hand)
R - a blessed +1 athame named Elberethbane

Armor

B - an uncursed greased +4 gray dragon scale mail (being worn)
C - an uncursed greased burnt +0 cloak of protection (being worn)
D - a blessed fireproof +5 pair of speed boots (being worn)
E - an uncursed rustproof +4 pair of gauntlets of power (being worn)
F - an uncursed greased thoroughly corroded +0 dwarvish iron helm
H - a cursed greased -2 helm of opposite alignment (being worn)

Comestibles

L - an uncursed lizard corpse named KFC

Spellbooks

A - the uncursed Book of the Dead

Rings

y - a blessed ring of free action (on right hand)
G - a blessed ring of conflict

Wands

j - an uncursed wand of digging named empty (0:0)
z - an uncursed wand of digging (0:7)
I - an uncursed wand of death (1:4)
J - a cursed wand of teleportation named empty (0:0)
K - an uncursed wand of teleportation (0:4)
M - a cursed wand of teleportation (0:6)
S - an uncursed wand of teleportation (0:0)
T - an uncursed wand of teleportation (0:5)

Tools

b - a blessed greased bag of holding containing 81 items
e - the uncursed Candelabrum of Invocation (0 of 7 candles attached)
f - an uncursed magic marker (1:38)
k - an uncursed skeleton key
s - an uncursed oilskin sack named cancellation containing 1 item
t - an uncursed towel
u - a blessed +0 unicorn horn
x - the uncursed Orb of Fate (0:5)
U - the uncursed Bell of Opening (0:1)
V - an uncursed can of grease (0:18)

Contents of the bag of holding:

an uncursed amulet of guarding
an uncursed amulet of flying
an uncursed amulet of life saving
an uncursed amulet of life saving
an uncursed amulet of life saving
an uncursed amulet of life saving
an uncursed +0 pair of levitation boots
an uncursed +0 pair of water walking boots
an uncursed +0 cloak of protection
an uncursed +0 mummy wrapping
10 uncursed C-rations
5 uncursed food rations
an uncursed K-ration
an uncursed lizard corpse named MCD
3 blessed scrolls of scare monster
6 uncursed scrolls of blank paper
a blessed scroll of charging
3 uncursed scrolls of create monster
2 uncursed scrolls of earth
a blessed scroll of fire
an uncursed scroll of fire
a blessed scroll of gold detection
a blessed scroll of identify
4 blessed scrolls of remove curse
3 blessed scrolls of teleportation
3 cursed scrolls of teleportation
7 potions of holy water
3 uncursed potions of water
2 potions of unholy water
an uncursed diluted potion of extra healing
4 blessed diluted potions of full healing
an uncursed potion of full healing
2 uncursed potions of levitation
4 uncursed potions of paralysis
a blessed potion of speed
an uncursed ring of conflict
an uncursed ring of conflict
an uncursed ring of hunger
a blessed ring of levitation
an uncursed ring of levitation
an uncursed ring of levitation
an uncursed ring of polymorph
an uncursed ring of polymorph control
an uncursed ring of slow digestion
an uncursed ring of teleport control
an uncursed wand of slow monster (0:5)
an uncursed wand of slow monster (0:4)
an uncursed wand of cold (0:7)
an uncursed wand of cold (0:4)
an uncursed wand of cold (0:1)
an uncursed wand of digging (0:4)
an uncursed wand of digging (0:6)
an uncursed wand of digging (0:5)
an uncursed wand of digging (0:8)
an uncursed wand of digging (0:5)
an uncursed wand of digging (0:8)
an uncursed wand of digging (0:5)
an uncursed wand of digging (0:5)
an uncursed wand of fire (0:4)
an uncursed wand of fire (0:7)
an uncursed wand of fire (0:4)
an uncursed wand of fire (0:4)
a blessed wand of light (0:11)
an uncursed wand of light (0:12)
an uncursed wand of light (0:10)
an uncursed wand of lightning (0:0)
an uncursed wand of lightning (0:7)
an uncursed wand of secret door detection (0:10)
a blessed wand of sleep (0:0)
a blessed wand of sleep (0:0)
an uncursed wand of sleep (0:5)
an uncursed wand of sleep (0:8)
an uncursed wand of sleep (0:3)
an uncursed wand of sleep (0:5)
an uncursed wand of striking (0:3)
an uncursed wand of striking (0:5)
an uncursed wand of striking (0:0)
an uncursed bugle
8 uncursed tallow candles
an uncursed magic marker (0:38)
an uncursed +0 pick-axe

Contents of the oilskin sack named cancellation:

an uncursed wand of cancellation named cancellation (0:5)

Rustyspoon the Valkyrie's attributes:


Background:

You were a Warrior, a level 15 human Valkyrie.
You were chaotic, temporarily on a mission for Loki
who was opposed by Tyr (lawful) and Odin (neutral).
You were actually lawful.
You were in the endgame, on the Astral Plane.
You entered the dungeon 32412 turns ago.
There was a new moon in effect when your adventure ended.
You had 298878 experience points, 21122 more were needed to attain level 16.

Basics:

You had 211 out of 320 hit points.
You had 33 out of 34 energy points (spell power).
Your armor class was -15.
Your wallet was empty.
Autopickup was off.

Final Characteristics:

Your strength was 25 (base:18/30, innate limit:18/100).
Your dexterity was 17 (limit:18).
Your constitution was 18 (limit:18).
Your intelligence was 15 (limit:18).
Your wisdom was 18 (limit:18).
Your charisma was 10 (limit:18).

Final Status:

You were temporarily blind.
You were not hungry.
You were unencumbered.
You were wielding two weapons at once.
You were skilled in long sword and two weapons.

Final Attributes:

You were fervently aligned.
You were magic-protected.
You were fire resistant.
You were cold resistant.
You were sleep resistant.
You were disintegration-resistant.
You were shock resistant.
You were poison resistant.
You were level-drain resistant.
You would have seen invisible when not blind.
You were warned.
You had automatic searching.
You were invisible to others.
You were stealthy.
You were protected.
You took half physical damage.
You took half spell damage.
You were very fast.
You had reflection.
You had free action.
You were extremely lucky.
You had extra luck.
Bad luck did not time out for you.
Good luck did not time out for you.
You survived.

Miscellaneous:
You never encountered a bones level.
Total elapsed playing time was 4 hours, 38 minutes and 37 seconds.

Vanquished creatures:

Asmodeus
Orcus
Juiblex
the Wizard of Yendor (5 times)
Pestilence (twice)
Famine
Vlad the Impaler
2 arch-liches
a high cleric
2 mastodons
Medusa
3 krakens
an iron golem
2 master liches
7 storm giants
a glass golem
a purple worm
a gray dragon
a gold dragon
a red dragon
4 white dragons
an orange dragon
3 black dragons
2 blue dragons
3 yellow dragons
17 minotaurs
a jabberwock
Lord Surtur
3 baluchitheria
an Angel
5 demiliches
3 stone golems
a master mind flayer
a Nazgul
5 pit fiends
a sandestin
2 hell hounds
4 displacer beasts
4 titanotheres
3 genetic engineers
2 disenchanters
17 vampire leaders
2 skeletons
12 aligned clerics
2 captains
4 shades
11 liches
3 clay golems
2 nurses
2 ice devils
2 lurkers above
an Aleax
a frost giant
2 ettins
16 black puddings
22 vampires
6 lieutenants
28 ghosts
2 winged gargoyles
a mind flayer
8 giant mimics
a long worm
7 zruties
28 fire giants
4 ogre tyrants
10 ice trolls
5 rock trolls
5 umber hulks
3 flesh golems
3 elven monarchs
12 hezrous
8 bone devils
7 large mimics
a wumpus
4 fire vortices
3 stalkers
2 air elementals
2 fire elementals
5 earth elementals
a water elemental
9 hill giants
4 giant mummies
a black naga
6 xorns
13 giant zombies
5 elf-nobles
11 sergeants
a water demon
4 barbed devils
10 vrocks
a salamander
4 wargs
2 winter wolves
2 hell hound pups
12 small mimics
2 glass piercers
7 warhorses
3 steam vortices
4 xans
4 ettin mummies
5 ogre leaders
4 quantum mechanics
7 trolls
a wood golem
3 erinyes
3 mariliths
3 sharks
5 gelatinous cubes
2 pyrolisks
3 freezing spheres
3 flaming spheres
6 shocking spheres
3 large cats
6 tigers
4 gargoyles
2 tengu
4 ochre jellies
4 leocrottas
3 energy vortices
3 mountain centaurs
5 stone giants
3 elf mummies
5 human mummies
3 red nagas
3 green slimes
a cobra
33 wraiths
4 carnivorous apes
15 ettin zombies
7 Grey-elves
42 soldiers
a watchman
2 amorous demons
6 horned devils
2 chameleons
4 crocodiles
18 giant beetles
5 quivering blobs
59 cockatrices
15 wolves
2 winter wolf cubs
9 panthers
8 gremlins
2 spotted jellies
88 leprechauns
2 orc-captains
3 iron piercers
a mumak
16 giant spiders
3 scorpions
a horse
2 ice vortices
5 black lights
12 vampire bats
2 forest centaurs
3 gnome rulers
an orc mummy
4 dwarf mummies
4 ogres
5 brown puddings
4 rust monsters
4 owlbears
6 yetis
4 gold golems
a werewolf
6 Green-elves
a piranha
12 giant eels
9 lizards
a chickatrice
2 dingoes
a dog
4 jaguars
a dwarf leader
a blue jelly
a gray unicorn
5 black unicorns
5 dust vortices
31 ravens
3 plains centaurs
a gnome mummy
3 snakes
10 apes
10 human zombies
13 Woodland-elves
24 soldier ants
84 fire ants
4 bugbears
2 imps
3 lemures
5 quasits
3 wood nymphs
7 water nymphs
a Mordor orc
2 Uruk-hai
3 orc shamans
7 rock piercers
3 rock moles
3 ponies
3 fog clouds
7 yellow lights
3 shriekers
4 violet fungi
16 gnome leaders
10 gnomish wizards
2 kobold mummies
a black naga hatchling
a guardian naga hatchling
4 gray oozes
7 elf zombies
11 ghouls
a straw golem
2 jellyfish
a baby crocodile
28 giant ants
10 floating eyes
a kitten
13 dwarves
9 homunculi
3 kobold leaders
8 hill orcs
13 rothes
a rabid rat
4 centipedes
2 giant bats
2 monkeys
6 orc zombies
15 dwarf zombies
3 wererats
7 iguanas
40 killer bees
an acid blob
6 coyotes
3 hobbits
9 manes
a large kobold
9 hobgoblins
6 giant rats
5 yellow molds
2 red molds
66 gnomes
12 gnome zombies
12 geckos
12 jackals
a fox
3 kobolds
6 goblins
9 sewer rats
13 grid bugs
7 lichens
10 kobold zombies
9 newts
1673 creatures vanquished.

Extinct species:

erinyes (extinct)
1 species extinct.

Voluntary challenges:

You read items or engraved 110 times.
You never engraved Elbereth.
You never genocided any monsters.
You never polymorphed an object.
You never changed form.
You used 5 wishes.
You did not wish for any artifacts.
You did not violate any of the special Sokoban rules.

Achievements:

You entered a shop.
You entered the Gnomish Mines.
You attained the rank of Skirmisher.
You entered Minetown.
You attained the rank of Fighter.
You entered a temple.
You entered Sokoban.
You completed Sokoban.
You completed the Gnomish Mines.
You attained the rank of Woman-at-arms.
You defeated Medusa.
You entered Gehennom.
You attained the rank of Warrior.
You had the Bell of Opening.
You had the Candelabrum of Invocation.
You had the Book of the Dead.
You gained access to Moloch's Sanctum.
You reached the Elemental Planes.
You reached the Astral Plane.
You delivered the Amulet of Yendor.
You ascended!

The Elemental Planes:

   Astral Plane: <- You are here.
Some temples.
Plane of Water:
Plane of Fire:
Plane of Air:
Plane of Earth:

The Dungeons of Doom: levels 1 to 26

   Level 1:
A fountain.
One way stairs up to The Elemental Planes.
Level 2: "EW/EA/RC in shop"
A general store.
Level 3:
A fountain.
Level 4: "backup BoH 0"
An altar.
Stairs down to The Gnomish Mines.
Level 5:
A fountain.
Level 6:
Many fountains.
Level 7:
A fountain.
Stairs up to Sokoban, level 6.
Level 8:
A fountain.
Level 9:
A grave.
Level 10:
A fountain, a sink.
Level 11: "pools"
A fountain, a grave.
Level 12:
A fountain.
Level 13:
A temple to Loki, a fountain.
Portal to The Quest.
Level 14:
Level 15:
A fountain, a sink.
Level 16:
A primitive area.
Level 17:
Level 18:
Some fountains.
Level 19:
Some altars.
Level 20:
Level 21: "$ stash chest >"
A sink.
Level 22:
Level 23:
A fountain.
Level 24:
Many trees.
Level 25:
Level 26:
A throne.
The castle.

Gehennom: levels 27 to 49

   Level 27:
A temple, many graves.
Valley of the Dead.
Level 28:
Level 29:
Level 30:
Level 31:
Level 32:
A fountain.
Level 33:
Level 34:
Level 35:
Stairs up to Vlad's Tower, level 34.
Level 36:
Level 37:
Level 38:
Level 39:
Level 40:
Level 41:
Some shops, an altar, a grave.
Level 42:
Level 43:
Level 44:
Level 45:
Level 46:
Level 47:
Level 48:
Level 49:
A temple, many graves.
Moloch's Sanctum.

The Gnomish Mines: levels 5 to 12

   Level 5:
Level 6:
Level 7:
Many shops, a temple, some fountains.
Level 8:
Level 9:
Level 10:
Level 11:
Level 12:

The Quest: levels 1 to 6

   Level 1:
A fountain.
Completed quest for the Norn.
Level 2:
Level 3:
Level 4:
Level 5:
Level 6: "backup holding on floor"

Sokoban: levels 6 up to 3

   Level 3:
Solved.
Level 4:
Solved.
Level 5: "coaligned uni"
Solved.
Level 6:
Solved.

Vlad's Tower: levels 34 up to 32

   Level 32: "stash"
Level 33:
Level 34:

Farvel rustyspoon the Demigoddess...


You went to your reward with 1038292 points,
Excalibur (worth 4000 zorkmids and 10000 points)
The Candelabrum of Invocation (worth 5000 zorkmids and 12500 points)
The Orb of Fate (worth 3500 zorkmids and 8750 points)
The Book of the Dead (worth 10000 zorkmids and 25000 points)
The Bell of Opening (worth 5000 zorkmids and 12500 points)
and 0 pieces of gold, after 32412 moves.
You were level 15 with a maximum of 320 hit points when you ascended.